 Dungeon Crawl Stone Soup version 0.30-a0-352-g1e81539c98 (webtiles) character file.

Game seed: 7102618831708664271

36 Bnni the Shield-Bearer (level 3, -5/29 HPs)
             Began as a Formicid Fighter on Nov 7, 2022.
             Killed by divine providence
             ... invoked by an orc priest
              (14 damage)
             ... on level 2 of the Dungeon.
             The game lasted 00:01:04 (654 turns).

Bnni the Shield-Bearer (Formicid Fighter)            Turns: 654, Time: 00:01:05

Health: -5/29      AC:  6    Str: 22    XL:     3   Next: 57%
Magic:  3/3        EV:  9    Int:  7    God:
Gold:   28         SH:  5    Dex: 13    Spells: 2/2 levels left

rFire   . . .      SeeInvis +    a - +0 war axe
rCold   . . .      Faith    .    c - +0 buckler
rNeg    . . .      Spirit   .    b - +0 scale mail
rPois   .          Reflect  .    (helmet unavailable)
rElec   .          Harm     .    (no cloak)
rCorr   .          Rampage  .    (no gloves)
Will    .....                    (no boots)
Stlth   ..........               (no amulet)
HPRegen 0.24/turn                (no ring)
MPRegen 0.08/turn                (no ring)

@: no status effects
A: permanent stasis, dig shafts and tunnels, antennae 3, four strong arms
a: Dig, Shaft Self


You were on level 2 of the Dungeon.
You visited 1 branch of the dungeon, and saw 2 of its levels.

You collected 28 gold pieces.

Inventory:

Hand Weapons
 a - a +0 war axe (weapon)
Missiles
 n - 4 poisoned darts
Armour
 b - a +0 scale mail (worn)
 c - a +0 buckler (worn)
Scrolls
 f - a scroll of blinking {unknown}
 g - a scroll of teleportation {unknown}
 k - a scroll of identify {unknown}
 m - 2 scrolls of enchant armour {unknown}
 o - a scroll of noise {unknown}
Potions
 d - 2 potions of might
 e - a potion of haste {unknown}
 h - a potion of degeneration {unknown}
 i - a potion of flight {unknown}
 j - a potion of curing {unknown}
 l - a potion of magic {unknown}
 p - a potion of lignification {unknown}


   Skills:
 + Level 3.6 Fighting
 * Level 2.8 Axes
 - Level 3.2 Armour
 * Level 4.8 Shields


You had 2 spell levels left.
You didn't know any spells.
Your spell library contained the following spells:

 Spells                   Type           Power      Damage    Failure   Level
 Sting                    Tmut/Pois      0%         1d3       83%         1
 Poisonous Vapours        Pois/Air       0%         N/A       92%         2
 Olgreb's Toxic Radiance  Pois           0%         N/A       100%        4


Dungeon Overview and Level Annotations

Branches:
Dungeon (2/15)

Altars:


Innate Abilities, Weirdness & Mutations

You cannot be hasted, slowed, berserked, paralysed or teleported.
You can dig through walls and to a lower floor.
You have a pair of large antennae on your head. (SInv)
Your four strong arms can wield two-handed weapons with a shield.


Message History

The hobgoblin barely misses you.
You slash the hobgoblin!
You kill the hobgoblin!
No target in view!
No target in view!
You now have 28 gold pieces (gained 10).
Things that are here:
a +0 short sword; a hobgoblin corpse You sense a monster nearby.
An orc comes into view. It is wielding a +0 short sword.
The orc shouts!
An orc priest comes into view. It is wielding a +0 hand axe.
You hit the orc but do no damage. The orc hits you but does no damage.
The orc priest mumbles some strange prayers to Beogh against you.
Beogh smites you!
An orc comes into view.
It is wielding a +2 hand axe of freezing.
The orc closely misses you.
An orc comes into view. It is wielding a +0 club.
The orc shouts!
You hit the orc but do no damage. The orc hits you with a +0 short sword.
You hit the orc but do no damage.
An orc comes into view. It is wielding a +0 club.
You closely miss the orc. You barely miss the orc.
The orc hits you with a +2 hand axe of freezing.
The orc freezes you. The orc hits you but does no damage. x2
The orc closely misses you. The orc barely misses you.
You are too injured to fight recklessly!
You are too injured to fight recklessly!
You closely miss the orc.
You hit the orc. x3; The orc closely misses you.
The orc barely misses you. You block the orc's attack.
The orc barely misses you.
You slash the orc!
You kill the orc!
You hit the orc but do no damage. x2; You hit the orc.
You kill the orc!
The orc hits you with a +2 hand axe of freezing.
The orc freezes you.
The orc priest calls down the wrath of Beogh upon you.
Beogh smites you!
You die...

...........######.......##
###..####.................
........#..#####........#
.##..##....#####........#
.##..#####..............#
.....#####.###.....######
...#.......##......#
.#.#######.##..)...## .#.#
#..>..o@o..# ##.#
####.##)##)# ##.#
#...#o#........ ...# ..##
.......... #### #.{
##........ # # #.#####.. #
..# . .# ### ..#


You could see an orc priest and 2 orcs.

Vanquished Creatures
  An adder (D:2)
  2 orcs (D:2)
  5 endoplasms
  2 giant cockroaches (D:1)
  A goblin (D:1)
  7 hobgoblins
  A ball python (D:1)
  A bat (D:1)
  A frilled lizard (D:1)
  3 kobolds (D:1)
  A rat (D:1)
25 creatures vanquished.

Notes
Turn   | Place    | Note
-------+----------+-------------------------------------------
     0 | D:1      | Bnni the Formicid Fighter began the quest for the Orb.
     0 | D:1      | Reached XP level 1. HP: 18/18 MP: 1/1
   154 | D:1      | Reached XP level 2. HP: 16/24 MP: 2/2
   250 | D:1      | Found a faded altar of an unknown god.
   512 | D:1      | Reached XP level 3. HP: 29/29 MP: 3/3
   654 | D:2      | Killed from afar by an orc priest

Illustrated notes

Levels and vault maps discovered:
D:1:      giann_bridges, layout_rooms, hellmonk_ecumenical_altar_prayer_group,
          st_stairs_7, chequers_decorated_corner, skrybe_limestone_x
D:2:      layout_loops_cross, uniq_terence

Action                   || total
-------------------------++-------
Melee: War axe           ||    55
Armor: Scale mail        ||    19
Dodge: Dodged            ||    32
Block: Buckler           ||    16

Table legend: (Time is in decaauts)
 A = Elapsed time spent in this place.
 B = Non-inter-level travel time spent in this place.
 C = Inter-level travel time spent in this place.
 D = Time resting spent in this place.
 E = Time spent auto-exploring this place.
 F = Levels seen in this place.
 G = Mean time per level.
                   A        B        C        D        E       F      G
               +--------+--------+--------+--------+--------+-----+--------+
         Total |    675 |    616 |     59 |      0 |    450 |   2 |  337.5 |
       Dungeon |    675 |    616 |     59 |      0 |    450 |   2 |  337.5 |
               +--------+--------+--------+--------+--------+-----+--------+

Top non-repeatable levels by time:
     D:1: 576 daAuts
     D:2: 98 daAuts
